[Event "Caplin Hastings Masters 2023-24"]
[Site "Hastings"]
[Date "2024.01.03"]
[Round "7.17"]
[White "Pert, Max"]
[Black "Nielsen, Andre"]
[Result "1/2-1/2"]
[ECO "E12"]
[WhiteElo "1950"]
[BlackElo "2239"]
[Annotator "RC"]
[PlyCount "100"]
[EventDate "2023.12.18"]
[EventType "swiss"]
[EventCountry "ENG"]
[SourceTitle "playchess.com"]
[Source "ChessBase"]
[SourceQuality "1"]
[TimeControl "40/6000+30:3000+30"]

1. d4 Nf6 2. Nf3 e6 3. c4 b6 4. a3 Bb7 5. Nc3 d5 6. cxd5 Nxd5 7. Bd2 Nd7 8. Nxd5 exd5 9. Rc1 Bd6 10. Bg5 Qc8 11. e3 O-O 12. Bd3 Re8 13. O-O Nf8 14. Qc2 c5 15. Rfe1 cxd4 16. Qxc8 Raxc8 17. Nxd4 Rxc1 18. Rxc1 Ne6 19. Bb5 Rb8 20. Bh4 Nxd4 21. exd4 Bf4 22. Rc3 Rc8 23. Rxc8+ Bxc8 24. b3 Bc1 25. Bg3 Bxa3 26. Bc6 Bb2 27. Bxd5 Bxd4 28. Kf1 a5 29. Ke2 Ba6+ 30. Kf3 Bd3 31. Be4 Bf1 32. Bd6 g6 33. Bd5 Kg7 34. Be7 Bd3 35. Be4 Bxe4+ 36. Kxe4 Bxf2 37. Kd5 b5 38. Kc6 a4 39. bxa4 bxa4 40. Kb5 Bg1 41. h3 f5 42. Kxa4 Kf7 43. Bg5 Ke6 44. Kb3 f4 45. Bxf4 Kf5 46. Bc7 Bd4 47. Kc2 Be5 48. Bb6 Ke4 49. Kd2 Bd4 50. Bc7 Be3+ 1/2-1/2

[Event "Caplin Hastings Masters 2023-24"]
[Site "Hastings"]
[Date "2024.01.03"]
[Round "7.18"]
[White "Vasiliadis, Theodoros"]
[Black "Boswell, Jacob Connor"]
[Result "0-1"]
[ECO "A13"]
[WhiteElo "1845"]
[BlackElo "2235"]
[Annotator "RC"]
[PlyCount "82"]
[EventDate "2023.12.18"]
[EventType "swiss"]
[EventCountry "ENG"]
[SourceTitle "playchess.com"]
[Source "ChessBase"]
[SourceQuality "1"]
[TimeControl "40/6000+30:3000+30"]

1. c4 Nf6 2. Nf3 e6 3. g3 d5 4. Bg2 d4 5. b4 c5 6. e3 dxe3 7. fxe3 cxb4 8. O-O Nc6 9. d4 Be7 10. a3 bxa3 11. Bxa3 Bxa3 12. Rxa3 O-O 13. Nc3 Bd7 14. Ne5 Qe7 15. Rb3 Rab8 16. Rf4 Rfd8 17. Qf1 Be8 18. Rh4 Nxe5 19. dxe5 Nd7 20. Qb1 h6 21. Rxb7 Qc5 22. Rd4 Qxe5 23. Qe4 Qa5 24. Qc2 Nc5 25. Rxb8 Rxb8 26. h4 Nb3 27. Rf4 Qe5 28. Nd1 Nc5 29. Qc3 Qd6 30. Qd4 Qc7 31. Rg4 e5 32. Qd5 Rd8 33. Qf3 f5 34. Qxf5 Rxd1+ 35. Kh2 Bd7 36. Bd5+ Rxd5 37. Qg6 Rd2+ 38. Kg1 Bxg4 39. Qe8+ Kh7 40. h5 Rd1+ 41. Kh2 Qd6 0-1

[Event "Caplin Hastings Masters 2023-24"]
[Site "Hastings"]
[Date "2024.01.03"]
[Round "7.19"]
[White "Villiers, Thomas"]
[Black "Hobson, Kenneth"]
[Result "0-1"]
[ECO "A21"]
[WhiteElo "2230"]
[BlackElo "2130"]
[Annotator "RC"]
[PlyCount "56"]
[EventDate "2023.12.18"]
[EventType "swiss"]
[EventCountry "ENG"]
[SourceTitle "playchess.com"]
[Source "ChessBase"]
[SourceQuality "1"]
[TimeControl "40/6000+30:3000+30"]

1. c4 e5 2. Nc3 Bb4 3. Nd5 Be7 4. d4 d6 5. Nxe7 Qxe7 6. e3 Nf6 7. dxe5 dxe5 8. Nf3 O-O 9. Be2 a5 10. O-O a4 11. Qc2 Nc6 12. Bd2 Re8 13. Rfd1 e4 14. Nd4 Nxd4 15. exd4 Ng4 16. Bf4 Ra6 17. Bg3 h5 18. h3 h4 19. hxg4 hxg3 20. fxg3 Qg5 21. Qc3 Rh6 22. Rf1 Rh7 23. Qa3 Qd2 24. Qxa4 c6 25. d5 Qe3+ 26. Rf2 Qh6 27. Rxf7 e3 28. Rxg7+ Kxg7 0-1

[Event "Caplin Hastings Masters 2023-24"]
[Site "Hastings"]
[Date "2024.01.03"]
[Round "7.20"]
[White "Juknis, Paulius"]
[Black "Rayner, Francis"]
[Result "1-0"]
[ECO "D00"]
[WhiteElo "2148"]
[BlackElo "2035"]
[Annotator "NA RC"]
[PlyCount "109"]
[EventDate "2023.12.18"]
[EventType "swiss"]
[EventCountry "ENG"]
[SourceTitle "playchess.com"]
[Source "ChessBase"]
[SourceQuality "1"]
[TimeControl "40/6000+30:3000+30"]

1. d4 d5 2. Bf4 c5 3. e3 Nc6 4. c3 Nf6 5. Nd2 Bf5 6. Ngf3 e6 7. Nh4 Bg6 8. Qb3 Qb6 9. Nxg6 hxg6 10. Qxb6 axb6 11. Be2 Be7 12. h3 Nd7 13. O-O f6 14. Bg3 Kf7 15. f3 Rhd8 16. Bf2 c4 17. e4 b5 18. a3 Nb6 19. Rac1 Ra6 20. Rc2 Bd6 21. g3 g5 22. Kg2 Kg6 23. Rh1 Raa8 24. h4 gxh4 25. Rxh4 Rh8 26. Rxh8 Rxh8 27. e5 Be7 28. Nf1 Na4 29. f4 Kf7 30. exf6 gxf6 31. Ne3 f5 32. g4 Bd6 33. gxf5 Bxf4 34. Bg4 exf5 35. Bf3 Ne7 36. Nxd5 Nxd5 37. Bxd5+ Kf6 38. Bxb7 Rb8 39. Bc6 Ke6 40. d5+ Kd6 41. Ba7 Rh8 42. Bg1 Rg8+ 43. Kf1 Rb8 44. Rg2 Bc1 45. Rg6+ Ke7 46. Rg7+ Kd6 47. Rg6+ Ke7 48. Bd4 Bxb2 49. Be5 Rd8 50. d6+ Kf7 51. Rg7+ Kf8 52. Bd5 Rxd6 53. Rf7+ Ke8 54. Bxd6 Nxc3 55. Be6 1-0

[Event "Caplin Hastings Masters 2023-24"]
[Site "Hastings"]
[Date "2024.01.03"]
[Round "7.21"]
[White "Arkell, Keith C"]
[Black "Honey, Luke Anthony"]
[Result "1-0"]
[ECO "A11"]
[WhiteElo "2371"]
[BlackElo "1907"]
[Annotator "RC"]
[PlyCount "89"]
[EventDate "2023.12.18"]
[EventType "swiss"]
[EventCountry "ENG"]
[SourceTitle "playchess.com"]
[Source "ChessBase"]
[SourceQuality "1"]
[TimeControl "40/6000+30:3000+30"]

1. c4 c6 2. Nf3 d5 3. e3 Nf6 4. b4 Bg4 5. Bb2 e6 6. a3 Nbd7 7. Be2 Bd6 8. d4 Ne4 9. Nbd2 f5 10. h3 Bxf3 11. Nxf3 O-O 12. h4 Qf6 13. g3 Qh6 14. Ne5 Ndf6 15. Bf3 a5 16. b5 cxb5 17. cxd5 Bxe5 18. dxe5 Nxd5 19. O-O Rac8 20. Qe2 Rc4 21. Rfc1 Rfc8 22. a4 Ndc3 23. Bxc3 Nxc3 24. Qd2 b4 25. Kg2 R8c7 26. Rc2 g6 27. Qd6 Kf7 28. Qb6 R4c5 29. Rd2 Qf8 30. Rd6 Qe7 31. h5 Rxe5 32. hxg6+ hxg6 33. Rh1 Kf6 34. Qd4 Nd5 35. Rh7 Qxh7 36. Bxd5 Qe7 37. Bb3 Qxd6 38. Qxd6 Rec5 39. Qxe6+ Kg7 40. Qg8+ Kf6 41. Qf8+ Ke5 42. Qe8+ Kf6 43. f4 g5 44. Qe6+ Kg7 45. Qg8+ 1-0

[Event "Caplin Hastings Masters 2023-24"]
[Site "Hastings"]
[Date "2024.01.03"]
[Round "7.22"]
[White "Sugden, John N"]
[Black "Rudd, Jack"]
[Result "0-1"]
[ECO "B13"]
[WhiteElo "1968"]
[BlackElo "2314"]
[Annotator "RC"]
[PlyCount "110"]
[EventDate "2023.12.18"]
[EventType "swiss"]
[EventCountry "ENG"]
[SourceTitle "playchess.com"]
[Source "ChessBase"]
[SourceQuality "1"]
[TimeControl "40/6000+30:3000+30"]

1. e4 c6 2. d4 d5 3. exd5 cxd5 4. Bd3 Nc6 5. c3 Nf6 6. Bf4 g6 7. Nd2 Bf5 8. Bxf5 gxf5 9. Qb3 Qd7 10. Ne2 e6 11. Nf3 Ne4 12. Ne5 Nxe5 13. Bxe5 Rg8 14. f3 Nd6 15. Bxd6 Bxd6 16. O-O Qc7 17. f4 Qc6 18. Rad1 b5 19. Nc1 a5 20. a3 Qc4 21. Rd2 Ke7 22. Qd1 b4 23. cxb4 axb4 24. Rc2 Qb5 25. axb4 Qxb4 26. Ne2 Rac8 27. Qd3 Rxc2 28. Qxc2 Rb8 29. Rb1 Qb3 30. Qxb3 Rxb3 31. Kf2 Ba3 32. Ra1 Bxb2 33. Ra7+ Kf6 34. Ra4 Ba3 35. Ra7 Bb4 36. Ra4 Bd2 37. g3 Be3+ 38. Kg2 Rd3 39. Rb4 Ra3 40. Rb1 h5 41. Rd1 Kg6 42. Rb1 h4 43. Rd1 Rb3 44. Ra1 h3+ 45. Kxh3 Rb2 46. Ng1 Bxd4 47. Rd1 Bxg1 48. Rxg1 Kf6 49. Re1 Ke7 50. Rg1 Kd6 51. g4 fxg4+ 52. Rxg4 d4 53. Rg8 Kd5 54. Kg3 Ke4 55. h4 Rb3+ 0-1

[Event "Caplin Hastings Masters 2023-24"]
[Site "Hastings"]
[Date "2024.01.03"]
[Round "7.23"]
[White "Sarkar, Justin"]
[Black "Suez-Panama, Gilles"]
[Result "1-0"]
[ECO "C11"]
[WhiteElo "2272"]
[BlackElo "1868"]
[Annotator "RC"]
[PlyCount "87"]
[EventDate "2023.12.18"]
[EventType "swiss"]
[EventCountry "ENG"]
[SourceTitle "playchess.com"]
[Source "ChessBase"]
[SourceQuality "1"]
[TimeControl "40/6000+30:3000+30"]

1. e4 e6 2. d4 d5 3. Nc3 Nf6 4. e5 Nfd7 5. f4 c5 6. Nf3 Nc6 7. Be3 a6 8. Be2 Be7 9. O-O O-O 10. dxc5 Bxc5 11. Bxc5 Nxc5 12. Kh1 d4 13. Nb1 f6 14. Nbd2 b5 15. Nb3 Nxb3 16. axb3 Bb7 17. Bd3 Qe8 18. exf6 gxf6 19. Be4 Rd8 20. Qe1 Rf7 21. Rd1 Rg7 22. Qh4 f5 23. Bxc6 Bxc6 24. Rf2 Rg4 25. Qf6 Rg6 26. Qe5 Rd5 27. Qe1 Rh6 28. Kg1 Qh5 29. h3 Rg6 30. Kh2 Bb7 31. Rxd4 Rxd4 32. Nxd4 Be4 33. Nf3 Qh6 34. Qd2 Qf8 35. Ne5 Rg7 36. Qa5 Qa8 37. Qb6 Bd5 38. c4 bxc4 39. bxc4 Rxg2+ 40. Rxg2+ Bxg2 41. Qxe6+ Kg7 42. Qe7+ Kg8 43. Qg5+ Kh8 44. Nf7# 1-0

[Event "Caplin Hastings Masters 2023-24"]
[Site "Hastings"]
[Date "2024.01.03"]
[Round "7.24"]
[White "Southcott-Moyers, Indy"]
[Black "Boggarapu, Kritan"]
[Result "1-0"]
[ECO "E07"]
[WhiteElo "2123"]
[BlackElo "1857"]
[Annotator "NA RC"]
[PlyCount "81"]
[EventDate "2023.12.18"]
[EventType "swiss"]
[EventCountry "ENG"]
[SourceTitle "playchess.com"]
[Source "ChessBase"]
[SourceQuality "1"]
[TimeControl "40/6000+30:3000+30"]

1. d4 d5 2. c4 c6 3. Nf3 Nf6 4. Nc3 e6 5. g3 dxc4 6. Bg2 Nbd7 7. O-O Be7 8. a4 O-O 9. e4 b6 10. Qe2 a5 11. Rd1 Ba6 12. Nd2 e5 13. Nf3 Qc7 14. dxe5 Ng4 15. Bh3 Ngxe5 16. Bf4 Nxf3+ 17. Qxf3 Ne5 18. Qh5 Bf6 19. Rd7 Qb8 20. Rd2 g6 21. Qe2 Qe8 22. Bxe5 Qxe5 23. Rad1 Rad8 24. Bd7 Qc5 25. Rd6 Bxc3 26. bxc3 Bb7 27. e5 Kh8 28. Qe4 h6 29. Qf4 Kh7 30. R1d4 b5 31. Qf6 Qa3 32. Rg4 c5 33. f3 Qc1+ 34. Kg2 Qc2+ 35. Kh3 Qb1 36. Kh4 g5+ 37. Rxg5 hxg5+ 38. Qxg5 f6 39. Bf5+ Kh8 40. Qh6+ Kg8 41. Qh7# 1-0

[Event "Caplin Hastings Masters 2023-24"]
[Site "Hastings"]
[Date "2024.01.03"]
[Round "7.25"]
[White "Ahn, Sungmin"]
[Black "Gimenez Menchon, Cesar"]
[Result "0-1"]
[ECO "B07"]
[WhiteElo "1836"]
[BlackElo "2088"]
[Annotator "NA RC"]
[PlyCount "90"]
[EventDate "2023.12.18"]
[EventType "swiss"]
[EventCountry "ENG"]
[SourceTitle "playchess.com"]
[Source "ChessBase"]
[SourceQuality "1"]
[TimeControl "40/6000+30:3000+30"]

1. e4 d6 2. d4 Nf6 3. Nc3 e5 4. Nge2 Be7 5. f3 O-O 6. Be3 exd4 7. Qxd4 Nc6 8. Qd2 Re8 9. O-O-O a6 10. Nf4 Bf8 11. g4 Ne5 12. Qg2 Nxf3 13. Qxf3 Bxg4 14. Qg2 Bxd1 15. Kxd1 d5 16. Bd2 dxe4 17. Kc1 e3 18. Be1 Qd6 19. Bg3 Qb4 20. Nfd5 Nxd5 21. Nxd5 Qa5 22. Bc4 e2 23. Be1 Qc5 24. Bd3 Kh8 25. Qh3 g6 26. Nf6 Qg5+ 27. Kb1 Qxf6 28. Bc3 e1=Q+ 29. Rxe1 Rxe1+ 30. Bxe1 Bg7 31. c3 Re8 32. Bd2 Rd8 33. Kc2 Qe6 34. Qh4 Qd5 35. Qg3 c5 36. b3 h6 37. Qh3 Kh7 38. Qe3 b5 39. h4 b4 40. Bxa6 bxc3 41. Bxc3 Qd1+ 42. Kb2 Rd2+ 43. Ka3 Qc1+ 44. Ka4 Rxa2+ 45. Kb5 Qxe3 0-1

[Event "Caplin Hastings Masters 2023-24"]
[Site "Hastings"]
[Date "2024.01.03"]
[Round "7.26"]
[White "Lahlum, Hans Olav"]
[Black "Flynn, David"]
[Result "1-0"]
[ECO "A57"]
[WhiteElo "2037"]
[BlackElo "1791"]
[Annotator "NA RC"]
[PlyCount "57"]
[EventDate "2023.12.18"]
[EventType "swiss"]
[EventCountry "ENG"]
[SourceTitle "playchess.com"]
[Source "ChessBase"]
[SourceQuality "1"]
[TimeControl "40/6000+30:3000+30"]

1. d4 Nf6 2. c4 c5 3. d5 b5 4. cxb5 a6 5. f3 e6 6. e4 exd5 7. e5 Qe7 8. Qe2 Ng8 9. Nc3 Bb7 10. Nh3 c4 11. Nf4 Qc5 12. Nfxd5 axb5 13. Be3 Qc6 14. Nxb5 Na6 15. Nbc3 Nb4 16. Nxb4 Bxb4 17. Bd2 Ba6 18. g3 Ne7 19. Bg2 Qb6 20. f4 Rb8 21. Be3 Qa5 22. Qd2 Bb7 23. Bxb7 Rxb7 24. O-O O-O 25. Rfd1 Nf5 26. Bf2 Rfb8 27. Qc2 Ne7 28. Ne4 Rc7 29. a3 1-0

[Event "Caplin Hastings Masters 2023-24"]
[Site "Hastings"]
[Date "2024.01.03"]
[Round "7.27"]
[White "Sivanandan, Bodhana"]
[Black "White, Stuart A"]
[Result "1/2-1/2"]
[ECO "C07"]
[WhiteElo "1857"]
[BlackElo "2014"]
[Annotator "NA RC"]
[PlyCount "117"]
[EventDate "2023.12.18"]
[EventType "swiss"]
[EventCountry "ENG"]
[SourceTitle "playchess.com"]
[Source "ChessBase"]
[SourceQuality "1"]
[TimeControl "40/6000+30:3000+30"]

1. e4 e6 2. d4 d5 3. Nd2 c5 4. exd5 Qxd5 5. Ngf3 cxd4 6. Bc4 Qd6 7. O-O Nf6 8. Nb3 Nc6 9. Nbxd4 Nxd4 10. Nxd4 Be7 11. c3 Bd7 12. Be3 O-O 13. Qf3 Qc7 14. Bd3 Bd6 15. h3 a6 16. Rad1 Rfe8 17. Bg5 Bh2+ 18. Kh1 Be5 19. Bxf6 Bxf6 20. Nb3 Bc6 21. Be4 Bxe4 22. Qxe4 Red8 23. Qf3 b5 24. Rxd8+ Rxd8 25. Rd1 Rxd1+ 26. Qxd1 Kf8 27. Kg1 Ke7 28. Kf1 Qc6 29. Qd3 h6 30. Qe3 Kd6 31. Nd2 Kd7 32. Qa7+ Ke8 33. Qb8+ Bd8 34. Qe5 f6 35. Qe4 Qxe4 36. Nxe4 Bb6 37. c4 bxc4 38. Nd6+ Kd7 39. Nxc4 Bd4 40. Ke2 Kc6 41. f3 h5 42. Kd3 Ba7 43. g4 hxg4 44. hxg4 Kd5 45. b4 f5 46. a4 g6 47. b5 axb5 48. axb5 e5 49. gxf5 gxf5 50. b6 Bb8 51. Ne3+ Ke6 52. Kc4 e4 53. fxe4 fxe4 54. Kd4 Kd6 55. Kxe4 Kc6 56. Nd5 Bh2 57. Kd4 Bg1+ 58. Kc4 Bxb6 59. Nxb6 1/2-1/2

[Event "Caplin Hastings Masters 2023-24"]
[Site "Hastings"]
[Date "2024.01.03"]
[Round "7.28"]
[White "Thompson, Ian D"]
[Black "Nainika, Gupta"]
[Result "1-0"]
[ECO "A29"]
[WhiteElo "2011"]
[BlackElo "1543"]
[Annotator "NA RC"]
[PlyCount "49"]
[EventDate "2023.12.18"]
[EventType "swiss"]
[EventCountry "ENG"]
[SourceTitle "playchess.com"]
[Source "ChessBase"]
[SourceQuality "1"]
[TimeControl "40/6000+30:3000+30"]

1. c4 e5 2. Nc3 Nf6 3. Nf3 Nc6 4. g3 d5 5. cxd5 Nxd5 6. Bg2 Nb6 7. O-O Be7 8. b3 Bg4 9. Bb2 O-O 10. a3 Qd7 11. Rc1 Bh3 12. d3 Bxg2 13. Kxg2 Rad8 14. b4 a6 15. Ne4 Qd5 16. Nc5 Rb8 17. e4 Qd6 18. Qc2 Nd4 19. Nxd4 exd4 20. Nb3 c6 21. Bxd4 Nd7 22. Qb2 Qg6 23. f4 f6 24. Be3 Rbd8 25. Na5 1-0

[Event "Caplin Hastings Masters 2023-24"]
[Site "Hastings"]
[Date "2024.01.03"]
[Round "7.29"]
[White "Han, Qixiang"]
[Black "ONUOHA, Obioma"]
[Result "0-1"]
[ECO "A90"]
[WhiteElo "1711"]
[BlackElo "1995"]
[Annotator "NA RC"]
[PlyCount "92"]
[EventDate "2023.12.18"]
[EventType "swiss"]
[EventCountry "ENG"]
[SourceTitle "playchess.com"]
[Source "ChessBase"]
[SourceQuality "1"]
[TimeControl "40/6000+30:3000+30"]

1. d4 d5 2. c4 e6 3. g3 f5 4. Bg2 Nf6 5. Nf3 c6 6. O-O Bd6 7. Qc2 O-O 8. Nc3 Qe8 9. b3 Qh5 10. h3 Ne4 11. Bb2 Nd7 12. Nd1 f4 13. g4 Qh6 14. a4 Ndf6 15. Ba3 Bxa3 16. Rxa3 Ng5 17. Nxg5 Qxg5 18. b4 Bd7 19. Qc1 h5 20. f3 dxc4 21. Qxc4 Nd5 22. Qb3 Rae8 23. e4 fxe3 24. Nxe3 Nf4 25. Ra2 Rf6 26. Nc4 Qh4 27. Nd6 Ref8 28. Nf5 Rxf5 29. gxf5 Rxf5 30. Qb1 Rg5 31. Kh1 Rg3 32. Rff2 c5 33. b5 cxd4 34. Qe4 e5 35. Qb1 Be6 36. Rad2 Bd5 37. Qf5 Nxg2 38. Qc8+ Kh7 39. Qc2+ Kh6 40. Qf5 Ne3 41. Qb1 Qxh3+ 42. Rh2 Bxf3+ 43. Rdg2 Bxg2+ 44. Kg1 Be4+ 45. Kf2 Qxh2+ 46. Ke1 Rg1# 0-1

[Event "Caplin Hastings Masters 2023-24"]
[Site "Hastings"]
[Date "2024.01.03"]
[Round "7.30"]
[White "Larkin, Benjamin"]
[Black "Steiners, Emils"]
[Result "1-0"]
[ECO "C18"]
[WhiteElo "1814"]
[BlackElo "1993"]
[Annotator "NA RC"]
[PlyCount "87"]
[EventDate "2023.12.18"]
[EventType "swiss"]
[EventCountry "ENG"]
[SourceTitle "playchess.com"]
[Source "ChessBase"]
[SourceQuality "1"]
[TimeControl "40/6000+30:3000+30"]

1. e4 e6 2. d4 d5 3. Nc3 Bb4 4. e5 c5 5. a3 Bxc3+ 6. bxc3 Ne7 7. Qg4 Qc7 8. Qxg7 Rg8 9. Qxh7 cxd4 10. Ne2 Nbc6 11. f4 dxc3 12. Qd3 d4 13. Nxd4 Nxd4 14. Qxd4 Bd7 15. Rg1 Nf5 16. Qf2 Qc6 17. Bd3 Qd5 18. Be3 Nxe3 19. Qxe3 Rxg2 20. Rxg2 Qxg2 21. Be4 Qg4 22. Rb1 Bc6 23. Bxc6+ bxc6 24. Qg3 Qxg3+ 25. hxg3 O-O-O 26. Rb3 Kc7 27. Rxc3 Rh8 28. Ke2 Rh2+ 29. Kf3 Kb6 30. Kg4 Rh6 31. Kg5 Rg6+ 32. Kh5 Kc7 33. Rd3 Rg8 34. g4 Rg7 35. f5 exf5 36. gxf5 Rg2 37. e6 fxe6 38. f6 Rf2 39. Kg6 c5 40. f7 c4 41. Rd1 e5 42. Kg7 Rg2+ 43. Kf6 Rxc2 44. Rf1 1-0

[Event "Caplin Hastings Masters 2023-24"]
[Site "Hastings"]
[Date "2024.01.03"]
[Round "7.31"]
[White "Verbytski, Oleg"]
[Black "Weersing, Abigail Riis"]
[Result "1-0"]
[ECO "C06"]
[WhiteElo "1771"]
[BlackElo "2056"]
[Annotator "NA RC"]
[PlyCount "123"]
[EventDate "2023.12.18"]
[EventType "swiss"]
[EventCountry "ENG"]
[SourceTitle "playchess.com"]
[Source "ChessBase"]
[SourceQuality "1"]
[TimeControl "40/6000+30:3000+30"]

1. e4 e6 2. d4 d5 3. Nd2 Nf6 4. e5 Nfd7 5. Bd3 c5 6. c3 Nc6 7. Ne2 cxd4 8. cxd4 f6 9. exf6 Nxf6 10. Nf3 Bd6 11. O-O Qc7 12. Bg5 O-O 13. Rc1 Nh5 14. Ng3 Nxg3 15. hxg3 h6 16. Be3 Qf7 17. Bb1 Bd7 18. Qd3 g5 19. a3 a6 20. Bd2 Ne7 21. Qe2 Nf5 22. Bc3 Qh5 23. Bd3 Rac8 24. Nh2 Qxe2 25. Bxe2 Rc6 26. g4 Ne7 27. g3 Rfc8 28. Ra1 b5 29. Nf3 Ng6 30. Kg2 Rf8 31. Bd3 Kg7 32. Bb4 Bxb4 33. axb4 Rd6 34. Rfc1 Rc8 35. Rc5 Ne7 36. Ne5 Be8 37. Bb1 Kf6 38. Ra3 Rb6 39. Kh3 Rd6 40. b3 Kg7 41. Ra2 Rb6 42. f3 Rd6 43. Kg2 Rb6 44. Kg1 Rd6 45. f4 gxf4 46. gxf4 Rb6 47. Kh2 Bc6 48. Rac2 Kf6 49. Rc1 Kg7 50. Kg3 Kf8 51. f5 Kg7 52. f6+ Kxf6 53. Rf1+ Nf5+ 54. gxf5 Rg8+ 55. Kh2 Be8 56. Rc7 Rg5 57. fxe6+ Kxe6 58. Rf8 Bh5 59. Nd3 Bd1 60. Nc5+ Kd6 61. Rd7+ Kc6 62. Rf6# 1-0

[Event "Caplin Hastings Masters 2023-24"]
[Site "Hastings"]
[Date "2024.01.03"]
[Round "7.32"]
[White "Liu, Tianyi"]
[Black "Teh, Wee Zhun"]
[Result "1/2-1/2"]
[ECO "C82"]
[WhiteElo "2022"]
[BlackElo "1858"]
[Annotator "NA RC"]
[PlyCount "96"]
[EventDate "2023.12.18"]
[EventType "swiss"]
[EventCountry "ENG"]
[SourceTitle "playchess.com"]
[Source "ChessBase"]
[SourceQuality "1"]
[TimeControl "40/6000+30:3000+30"]

1. e4 e5 2. Nf3 Nc6 3. Bb5 a6 4. Ba4 Nf6 5. O-O Nxe4 6. d4 b5 7. Bb3 d5 8. dxe5 Be6 9. c3 Bc5 10. Nbd2 O-O 11. Bc2 Nxf2 12. Rxf2 f6 13. exf6 Bxf2+ 14. Kxf2 Qxf6 15. Nf1 Ne5 16. Be3 Nxf3 17. gxf3 c6 18. Nd2 Bg4 19. Kg2 Bh5 20. Qf1 b4 21. Rc1 bxc3 22. bxc3 Rae8 23. Qf2 Qe5 24. Re1 Qxc3 25. Bb1 Qf6 26. f4 Bg6 27. Bxg6 Qxg6+ 28. Kh1 Qd3 29. Bc5 Rxe1+ 30. Qxe1 Rb8 31. Kg1 Qg6+ 32. Kf2 Re8 33. Qc1 Qd3 34. Nf3 Re2+ 35. Kg3 h5 36. Qf1 h4+ 37. Kxh4 Re3 38. Qxd3 Rxd3 39. Kg4 Rc3 40. Bd4 Ra3 41. Ne5 Rxa2 42. Nxc6 Rxh2 43. Kf5 Re2 44. Be5 Kf7 45. Nd8+ Ke7 46. Nc6+ Kf7 47. Nd8+ Ke7 48. Nc6+ Kf7 1/2-1/2

[Event "Caplin Hastings Masters 2023-24"]
[Site "Hastings"]
[Date "2024.01.03"]
[Round "7.33"]
[White "Butt, Laurence"]
[Black "Kovalskyi, Roman"]
[Result "0-1"]
[ECO "A03"]
[WhiteElo "1688"]
[BlackElo "2009"]
[Annotator "NA RC"]
[PlyCount "68"]
[EventDate "2023.12.18"]
[EventType "swiss"]
[EventCountry "ENG"]
[SourceTitle "playchess.com"]
[Source "ChessBase"]
[SourceQuality "1"]
[TimeControl "40/6000+30:3000+30"]

1. d4 Nf6 2. f4 d5 3. Nf3 c5 4. e3 Nc6 5. Be2 Bf5 6. O-O Rc8 7. c3 e6 8. Ne5 h5 9. Nd2 Bd6 10. Ndf3 Ng4 11. h3 Bxe5 12. fxe5 Nh6 13. dxc5 Be4 14. Bb5 Nf5 15. Rf2 Qc7 16. Bd2 Kf8 17. Bxc6 bxc6 18. c4 dxc4 19. Bc3 Rd8 20. Rd2 Rd3 21. Rxd3 Bxd3 22. Qe1 Qe7 23. Kh1 Kg8 24. Bd4 Rh6 25. b3 Rg6 26. bxc4 Be4 27. Qf2 Rg3 28. Kh2 Bxf3 29. gxf3 Qh4 30. Qf1 Nxd4 31. exd4 Qf4 32. Kh1 Rxf3 33. Qg2 Rf2 34. Qxc6 Qh2# 0-1

[Event "Caplin Hastings Masters 2023-24"]
[Site "Hastings"]
[Date "2024.01.03"]
[Round "7.35"]
[White "Rami, Talab"]
[Black "Dewangan, Aayush"]
[Result "1-0"]
[ECO "B51"]
[WhiteElo "1947"]
[BlackElo "1655"]
[Annotator "NA RC"]
[PlyCount "81"]
[EventDate "2023.12.18"]
[EventType "swiss"]
[EventCountry "ENG"]
[SourceTitle "playchess.com"]
[Source "ChessBase"]
[SourceQuality "1"]
[TimeControl "40/6000+30:3000+30"]

1. e4 c5 2. Nf3 d6 3. Bb5+ Nd7 4. d4 cxd4 5. Qxd4 a6 6. Bxd7+ Qxd7 7. c4 e5 8. Qd3 f5 9. Nc3 Nf6 10. Bg5 fxe4 11. Nxe4 Nxe4 12. Qxe4 Qf5 13. Qe2 h6 14. Be3 Be7 15. O-O Bd7 16. Nd2 Rc8 17. Rac1 O-O 18. f3 b5 19. Rfd1 bxc4 20. Nxc4 Bb5 21. b3 Qe6 22. a4 Be8 23. Qd3 Bg6 24. Qd2 Bh5 25. Qa5 Qg6 26. Qd5+ Kh8 27. Kh1 e4 28. g4 exf3 29. Qxh5 Qe4 30. Qd5 Qxg4 31. Rg1 Qh3 32. Rg3 Qh4 33. Rxf3 Rfe8 34. Rg1 Bf6 35. Nxd6 Rcd8 36. Nf7+ Kh7 37. Qf5+ Kg8 38. Nxd8 Bxd8 39. Qf7+ Kh7 40. Rxg7+ Kh8 41. Rh7# 1-0

[Event "Caplin Hastings Masters 2023-24"]
[Site "Hastings"]
[Date "2024.01.03"]
[Round "7.36"]
[White "Moracchini, Margaux"]
[Black "Gibbs, Dominic V"]
[Result "0-1"]
[ECO "B03"]
[WhiteElo "1922"]
[BlackElo "1795"]
[Annotator "NA"]
[PlyCount "82"]
[EventDate "2023.12.18"]
[EventType "swiss"]
[EventCountry "ENG"]
[SourceTitle "playchess.com"]
[Source "ChessBase"]
[SourceQuality "1"]
[TimeControl "40/6000+30:3000+30"]

1. e4 Nf6 2. e5 Nd5 3. c4 Nb6 4. d4 d6 5. exd6 exd6 6. Bd3 Nc6 7. Ne2 Be7 8. Be3 Bg4 9. O-O O-O 10. Qd2 Bf6 11. Nbc3 Nb4 12. b3 Nxd3 13. Qxd3 Bxe2 14. Nxe2 d5 15. c5 Nc8 16. Bf4 Ne7 17. b4 g6 18. a4 Nf5 19. g4 Ng7 20. Bh6 Re8 21. Bxg7 Bxg7 22. Nc3 c6 23. Rfd1 Qg5 24. h3 h5 25. Qg3 hxg4 26. Qxg4 Qf6 27. b5 Re6 28. a5 a6 29. bxc6 bxc6 30. Rab1 Qe7 31. Kf1 Qc7 32. Rb6 Bh6 33. Rdb1 Qh2 34. Ne2 Bd2 35. Ng3 Kg7 36. Rb7 Rae8 37. Nf5+ Kf6 38. Qh4+ Bg5 39. Rxf7+ Kxf7 40. Qh7+ Kf6 41. Ng3 R6e7 0-1

[Event "Caplin Hastings Masters 2023-24"]
[Site "Hastings"]
[Date "2024.01.03"]
[Round "7.37"]
[White "Park, Inchan"]
[Black "Byron, Alan M"]
[Result "1/2-1/2"]
[ECO "A49"]
[WhiteElo "1768"]
[BlackElo "2134"]
[Annotator "NA RC"]
[PlyCount "104"]
[EventDate "2023.12.18"]
[EventType "swiss"]
[EventCountry "ENG"]
[SourceTitle "playchess.com"]
[Source "ChessBase"]
[SourceQuality "1"]
[TimeControl "40/6000+30:3000+30"]

1. d4 Nf6 2. Nf3 d6 3. g3 g6 4. Bg2 Bg7 5. O-O O-O 6. b3 Nbd7 7. Bb2 c6 8. Re1 d5 9. c4 a5 10. Qc2 Nb6 11. Nbd2 Bf5 12. Qc1 Ne4 13. c5 Nd7 14. Nh4 Nef6 15. f3 Bh6 16. e4 Be6 17. Qc3 Qc7 18. e5 Ne8 19. f4 Ng7 20. Ndf3 f6 21. Bc1 f5 22. a3 b6 23. Be3 Bf7 24. Rec1 Rfc8 25. b4 Ne6 26. Bf1 b5 27. Ng2 Ra7 28. Nge1 Rca8 29. Nc2 Bg7 30. Be2 h6 31. h4 Ndf8 32. Kf2 Nh7 33. Bd3 Nd8 34. Rg1 Qd7 35. Nh2 Be6 36. Be2 Kh8 37. Bf3 Nf7 38. Be2 axb4 39. axb4 Ra4 40. Bd3 Nf8 41. Rxa4 Rxa4 42. Ra1 Qa7 43. Rxa4 Qxa4 44. Qa3 Qxa3 45. Nxa3 Bd7 46. Nf3 Nd8 47. Nc2 Kg8 48. Nce1 Kf7 49. Ng1 Nh7 50. Nef3 Bf8 51. Nh3 Kg7 52. Kg2 Ne6 1/2-1/2